 Dungeon Crawl Stone Soup version 0.31.0-9-g3a7656b989 (webtiles) character file.

Game seed: 1744315047572221014

63 qw the Shooter (level 3, -3/20 HPs)
             Began as a Deep Elf Hunter on Feb 2, 2024.
             Slain by Terence
             ... wielding a +2 short sword of electrocution
              (6 damage)
             ... on level 2 of the Dungeon.
             The game lasted 00:00:02 (768 turns).

qw the Shooter (Deep Elf Hunter)                     Turns: 768, Time: 00:00:03

Health: -3/20      AC:  5    Str: 10    XL:     3   Next: 89%
Magic:  5/5        EV: 11    Int: 13    God:
Gold:   41         SH:  0    Dex: 18    Spells: 2/2 levels left

rFire   . . .        a - +0 shortbow
rCold   . . .        (shield currently unavailable)
rNeg    . . .        e - +0 ring mail
rPois   .            (no helmet)
rElec   .            (no cloak)
rCorr   .            (no gloves)
SInv    .            (no boots)
Will    .....        (no amulet)
Stlth   +            (no ring)
HPRegen 0.23/turn    (no ring)
MPRegen 0.09/turn

%: no passive effects
@: no status effects
A: no striking features
a: no special abilities


You were on level 2 of the Dungeon.
You visited 1 branch of the dungeon, and saw 2 of its levels.

You collected 41 gold pieces.


   Skills:
 - Level 1.5 Fighting
 + Level 7.3 Ranged Weapons
 - Level 2.4 Dodging
 - Level 1.2 Stealth


You had 2 spell levels left.
You didn't know any spells.
Your spell library was empty.

Inventory:

Hand Weapons
 a - a +0 shortbow (weapon)
Armour
 e - a +0 ring mail (worn)
Scrolls
 c - a scroll of fog {unknown}
 g - a scroll of teleportation
Potions
 b - a potion of mutation {unknown}
 f - a potion of heal wounds

Dungeon Overview and Level Annotations

Branches:
Dungeon (2/15)

Altars:

Annotations:
D:2 Terence


Message History

You now have 41 gold pieces (gained 6).
Terence the Incautious comes into view.
He is wielding a +2 short sword of electrocution.
Terence shouts!
Terence moves out of view.
Terence and a ribbon worm come into view.
Terence is wielding a +2 short sword of electrocution.
An adder comes into view.
You shoot an arrow.
The arrow hits the adder but does no damage.
You shoot an arrow. The arrow misses the adder.
A ribbon worm comes into view.
The adder closely misses you.
Enter note: You shoot an arrow.
The arrow hits the adder.
The adder is heavily wounded.
The adder bites you.
You are poisoned.
The adder poisons you! The adder closely misses you.
You shoot an arrow. The arrow completely misses the adder.
You feel sick. The adder bites you but does no damage.
Terence hits you with a +2 short sword of electrocution.
You shoot an arrow. The arrow hits the adder.
The adder is severely wounded.
You feel sick. The adder bites you but does no damage.
Terence barely misses you. The adder bites you but does no damage.
You shoot an arrow. The arrow hits the adder.
You kill the adder!
You feel sick. Terence closely misses you.
You shoot an arrow.
The arrow hits Terence but does no damage.
You feel sick.
You are no longer poisoned.
Terence barely misses you. The ribbon worm closely misses you.
You shoot an arrow.
The arrow hits Terence but does no damage.
Terence hits you with a +2 short sword of electrocution.
The ribbon worm bites you but does no damage.
Terence hits you with a +2 short sword of electrocution.
You die...
Terence says, "Time to find some more victims."

## ......#. ##.
.......#. .#.#..
........# ...%..
#.......# ......
#...... .####.
#w... ## #@w# #
#@############ ##
#..#.........####.
#.................
##################


You could see Terence and 2 ribbon worms.

Vanquished Creatures
  4 adders (D:2)
  3 bats
  2 endoplasms
  A giant cockroach (D:1)
  2 goblins (D:1)
  2 hobgoblins (D:1)
  A quokka (D:1)
  6 ball pythons (D:1)
  2 frilled lizards (D:1)
  6 rats
29 creatures vanquished.

Notes
Turn   | Place    | Note
-------+----------+-------------------------------------------
     0 | D:1      | qw the Deep Elf Hunter began the quest for the Orb.
     0 | D:1      | Reached XP level 1. HP: 12/12 MP: 3/3
     0 | D:1      | 0 ||| qw: Version: 0.3-a-155-g5e7d8dd
     0 | D:1      | 0 ||| qw: Game counter: 1353
     0 | D:1      | 0 ||| qw: Melee chars always use a shield: true
     0 | D:1      | 0 ||| qw: God list: Okawaru
     0 | D:1      | 0 ||| qw: Allow faded altars: false
     0 | D:1      | 0 ||| qw: Do Orc after clearing Dungeon:15 true
     0 | D:1      | 0 ||| qw: Do second Lair branch before Depths: true
     0 | D:1      | 0 ||| qw: Lair rune preference: random
     0 | D:1      | 0 ||| qw: Goals: Normal
     0 | D:1      | 0 ||| PLANNING D:1-11
   168 | D:1      | Reached XP level 2. HP: 16/16 MP: 4/4
   169 | D:1      | Reached skill level 6 in Ranged Weapons
   609 | D:1      | 609 ||| UPGRADING to +0 ring mail.
   619 | D:1      | 619 ||| DROPPING +0 leather armour.
   620 | D:1      | 620 ||| READING 2 scrolls labelled RENUL KUACZET.
   620 | D:1      | 620 ||| IDENTIFYING murky pink potion
   621 | D:1      | 621 ||| READING scroll of identify.
   621 | D:1      | 621 ||| IDENTIFYING scroll labelled SINE DIHIXUKAS
   622 | D:1      | 622 ||| READING 2 scrolls labelled XEBRON PUOPUL.
   623 | D:1      | 623 ||| DROPPING scroll of butterflies.
   624 | D:1      | 624 ||| DROPPING scroll of amnesia.
   717 | D:2      | Reached XP level 3. HP: 20/20 MP: 5/5
   727 | D:2      | Reached skill level 7 in Ranged Weapons
   759 | D:2      | Noticed Terence
   768 | D:2      | HP: 3/20 [Terence/+2 short sword of electrocution (6)]
   768 | D:2      | Slain by Terence

Levels and vault maps discovered:
D:1:      heliophobic_arrival_battle_scene, layout_loops_ring, solitary_fountain
D:2:      layout_basic, nicolae_half_adder, uniq_jessica, uniq_terence

Skill      XL: |  1  2  3 |
---------------+----------+-----
Ranged Weapons | 6 7 |  7.3
Fighting       | |  1.5
Dodging        | |  2.4
Stealth        | |  1.2

Action                     || total
---------------------------++-------
   Fire: Shortbow          ||    66
    Use: Scroll            ||     3
 Armour: Leather armour    ||     6
         Ring mail         ||     8
  Dodge: Dodged            ||    14

Table legend:
 A = Non-vault XP
 B = Vault XP
 C = Vault XP percentage of total XP
 D = Non-vault monster count
 E = Vault monster count
 F = Vault count percentage of total count
                 A         B        C        D         E       F
            +---------+---------+-------+---------+---------+-------
      Total |      65 |      26 |  28.6 |      27 |       2 |   6.9
            +---------+---------+-------+---------+---------+-------
        D:1 |      33 |       0 |   0.0 |      22 |       0 |   0.0
        D:2 |      32 |      26 |  44.8 |       5 |       2 |  28.6
            +---------+---------+-------+---------+---------+-------
